[Event "Tournoi norme de MI"]
[Site "PARIS"]
[Date "????.??.??"]
[Round "7.2"]
[White "Mouhamad, Joachim"]
[Black "Bassini, Emile"]
[Result "1-0"]
[TimeControl "90mn+30s/c"]
[WhiteElo "2301"]
[BlackElo "2382"]

1. e4 c5 2. Nf3 d6 3. c3 Nf6 4. Bd3 g5 5. Bc2 g4 6. Ng1 d5 7. d3 Nc6 8. Bg5 Bg7 9. Nd2 c4 10.
dxc4 d4 11. cxd4 Qxd4 12. Rb1 O-O 13. Ne2 Qe5 14. Bf4 Qa5 15. a3 Rd8 16. b4 Qh5 17. Rb3 e5 18. Be3 Bh6 19. O-O Be6 20.
b5 Na5 21. Ng3 Qg6 22. Nf5 Bxf5 23. exf5 Qh5 24. Rd3 Bxe3 25. fxe3 Qg5 26. Qe2 b6 27. Rxd8+ Rxd8 28. Ne4 Nxe4 29. Bxe4 Nb3 30. Bd5 Nc5 31. Qf2 Kg7 32. Qg3 Kf6 33.
a4 h5 34. h4 gxh3 35. Qxg5+ Kxg5 36. gxh3 Kf6 37. Ra1 Rg8+ 38. Kf2 h4 39. a5 Kxf5 40. axb6 axb6 41. Bxf7 Ne4+ 42. Kf1 Rg3 43. Ra6 Rxh3 44. Rxb6 Rf3+ 45. Ke2 Rf2+ 46. Ke1 Rg2 47.
Rh6 Ng5 48. Bd5 e4 49. b6 Rb2 50. b7 h3 51. Kd1 Ke5 52. Kc1 Rb4 53. Rh8 h2 54. Rxh2 Nf7 55. Rb2 1-0

[Event "Tournoi norme de MI"]
[Site "PARIS"]
[Date "????.??.??"]
[Round "7.5"]
[White "Vlachos, Anatole"]
[Black "Willems, Niels"]
[Result "1/2-1/2"]
[TimeControl "90mn+30s/c"]
[WhiteElo "2430"]
[BlackElo "2337"]

1. d4 Nf6 2. Nc3 d5 3. Bf4 c5 4. e4 Nxe4 5. Nxe4 dxe4 6. dxc5 Qxd1+ 7. Rxd1 Nc6 8. Bb5 Bd7 9. b4 g6 10.
Ne2 Bg7 11. O-O O-O-O 12. a3 f5 13. Rfe1 Be6 14. Bd2 a6 15. Bxc6 bxc6 16. Bc3 Bc4 17. Bxg7 Rxd1 18. Rxd1 Bxe2 19.
Rd2 1/2-1/2

[Event "Tournoi norme de MI"]
[Site "PARIS"]
[Date "????.??.??"]
[Round "7.3"]
[White "Bonte, Andrei-Mihai"]
[Black "Lazo, Andrei"]
[Result "0-1"]
[TimeControl "90mn+30s/c"]
[WhiteElo "2340"]
[BlackElo "2212"]

1. d4 d5 2. Nf3 Nf6 3. c4 c6 4. Nc3 a6 5. g3 dxc4 6. Bg2 e6 7. Ne5 c5 8. dxc5 Qxd1+ 9. Nxd1 Bxc5 10.
O-O Ra7 11. Nxc4 b5 12. Bf4 Nbd7 13. Na5 e5 14. Be3 Rc7 15. Rc1 Bb6 16. Nc6 Ng4 17. Bd2 Bb7 18. h3 Ngf6 19. Ne3 Bxc6 20.
Bxc6 O-O 21. Nf5 Bc5 22. Bg2 Rfc8 23. b4 Bf8 24. Bb7 Rxc1 25. Rxc1 Rxc1+ 26. Bxc1 Nb8 27. a3 g6 28. Nh6+ Kg7 29.
Ng4 Nfd7 30. f4 f6 31. fxe5 fxe5 32. Bd5 Bd6 33. Bh6+ Kh8 34. Kg2 Nb6 35. Be6 Nc6 36. Nf6 Nd8 37.
Ba2 Nc4 38. Ne8 Bb8 39. Kf3 Ne6 40. Ke4 Nd4 41. Kd3 Nf5 42. Bg5 h6 43. Bf6+ Kg8 44. g4 Ng3 45. e4 Kf7 46. Bh4 Nxe4 47.
Kxe4 Kxe8 48. a4 Nd6+ 49. Kd5 bxa4 50. Bf2 Nb5 51. Kc4 Ke7 52. Be3 g5 53. Bd2 Ba7 54. Kd5 Bd4 55. Bc4 a3 56.
Kc6 Nd6 57. Ba2 Ne4 58. Bc1 Bb2 59. Be3 Nc3 60. Bc5+ Kf6 61. Bc4 a2 62. Kd7 a1=Q 63. Be7+ Kg7 64. Ke8 Qa4+ 0-1

[Event "Tournoi norme de MI"]
[Site "PARIS"]
[Date "????.??.??"]
[Round "7.4"]
[White "Roshka, Yevgeniy"]
[Black "Navrotescu, Andreea"]
[Result "1-0"]
[TimeControl "90mn+30s/c"]
[WhiteElo "2501"]
[BlackElo "2228"]

1. d4 d5 2. c4 e6 3. Nf3 Nf6 4. cxd5 exd5 5. Nc3 c6 6. Bg5 Be7 7. Qc2 g6 8. e3 Bf5 9. Bd3 Bxd3 10.
Qxd3 O-O 11. O-O Re8 12. Nd2 Nh5 13. Bxe7 Qxe7 14. e4 dxe4 15. Ndxe4 Nd7 16. Qd2 Ndf6 17. f3 Rad8 18. Rad1 Nd5 19.
Rfe1 Nhf4 20. g3 Ne6 21. Nc5 Qf6 22. N5e4 Qxf3 23. Qh6 Kh8 24.
Rd2 Ndf4 25. gxf4 Nxd4 26. Rf2 Qg4+ 27. Kf1 Nf3 28. Rg2 Qe6 29. Re3 Nd2+ 30. Rxd2 Rxd2 31. Nf6 Rf2+ 32. Kg1 1-0

[Event "Tournoi norme de MI"]
[Site "PARIS"]
[Date "????.??.??"]
[Round "7.1"]
[White "Laurent, Julien G."]
[Black "Duboue, Peio"]
[Result "1/2-1/2"]
[TimeControl "90mn+30s/c"]
[WhiteElo "2199"]
[BlackElo "2462"]

1. d4 d5 2. c4 dxc4 3. Nf3 Nf6 4.
e3 e6 5.
Bxc4 c5 6. O-O Nc6 7. Qe2 a6 8. a4 cxd4 9. Rd1 Be7 10. exd4 O-O 11. Nc3 Nb4 12. Ne5 Bd7 13. d5 exd5 14.
Bxd5 Nbxd5 15. Nxd5 Nxd5 16. Rxd5 Bg4 17. Qc4 Qxd5 18. Qxd5 Rad8 19. Qb3 Rd1+ 20. Qxd1 Bxd1 21. Bg5 Bxg5 22.
Rxd1 Rc8 23. g3 Bf6 24. Rd5 g6 25. Kg2 Rc2 26. b4 Bxe5 27. Rxe5 Rc4 28. b5 Rxa4 29. bxa6 Rxa6 30. Re7 Rb6 31.
g4 g5 32. h4 h6 33. Rc7 Kg7 34. h5 Kf6 35. f3 Ke6 36. Kg3 Rb2 37. Kh3 Kf6 38. Kg3 Kg7 39. Rd7 b5 40. Rb7 b4 41.
Kh3 b3 42. Kg3 Rb1 43. Kg2 Kf8 44. Rb6 Kg7 45. Rb7 Kg8 46. Rb8+ Kh7 47. Rb7 Kg7 48. Kh2 Kf8 49. Rb6 Kg7 50.
Rb7 Kf8 51. Rb6 b2 52. Kg2 Ke7 53. Rb7+ Kd6 54. Rb5 Kc6 55. Rb8 Kc5 56. Rb7 Kd4 57. Rd7+ Ke3 58. Re7+ Kd3 59. Rd7+ Kc4 60.
Rc7+ Kd5 61. Rb7 f5 62. gxf5 Ke5 63. Rb5+ Kf6 64. Kh2 Rf1 65. Rxb2 Rxf3 66. Rb6+ Kg7 67. Rb7+ Kf6 68. Rb6+ Kxf5 69.
Rxh6 Kg4 70. Ra6 Kxh5 71. Kg2 Re3 72. Ra1 Kh4 73. Kg1 g4 74. Rb1 1/2-1/2



[ePGN "0.1;DGT LiveChess/2.2.5"]

[Event "Tournoi norme de MI"]
[Site "PARIS"]
[Date "????.??.??"]
[Round "8.5"]
[White "Navrotescu, Andreea"]
[Black "Laurent, Julien G."]
[Result "1-0"]
[TimeControl "90mn+30s/c"]
[WhiteElo "2228"]
[BlackElo "2199"]

1. c4 e6 2. Nc3 d5 3. d4 Nf6 4. Nf3 Be7 5. Bf4 O-O 6. e3 c5 7. dxc5 Bxc5 8. a3 Be7 9. Qc2 Qa5 10.
Rd1 Nc6 11. Be2 dxc4 12. Bxc4 e5 13. Bg3 Bg4 14. O-O Rad8 15. Rxd8 Bxd8 16. Ng5 Bh5 17. Qb3 Qb6 18. Qa2 h6 19.
Nf3 Re8 20. b4 a6 21. Nh4 Bc7 22. Nf5 Ne7 23. Nh4 g5 24. Nf3 Nf5 25. Nd2 Bg6 26. Nd5 Nxd5 27. Bxd5 Kg7 28. Ne4 Nxg3 29.
Nxg3 e4 30. Rc1 Re7 31. Qc4 f5 32. Qc3+ Qf6 33. Qc4 h5 34. Ne2 Qe5 35. g3 b5 36. Qa2 Be8 37. Nd4 a5 38. Be6 Bf7 39.
Rc5 1-0

[Event "Tournoi norme de MI"]
[Site "PARIS"]
[Date "????.??.??"]
[Round "8.2"]
[White "Willems, Niels"]
[Black "Mouhamad, Joachim"]
[Result "1/2-1/2"]
[TimeControl "90mn+30s/c"]
[WhiteElo "2337"]
[BlackElo "2301"]

1. e4 c5 2. Nf3 d6 3. d4 cxd4 4. Nxd4 Nf6 5. Nc3 g6 6. Be3 Bg7 7. f3 Nc6 8. Qd2 O-O 9. O-O-O Nxd4 10.
Bxd4 Be6 11. g4 Qa5 12. Kb1 Rfc8 13. Nd5 Qxd2 14. Nxf6+ Bxf6 15. Rxd2 Bxd4 16. Rxd4 Rc5 17. h4 Rac8 18.
Rd2 h6 19. Bd3 Kg7 20. Rg2 g5 21. hxg5 hxg5 22. b4 R5c7 23. Rh5 f6 24. Rgh2 Rg8 25. Rh7+ Kf8 26. Kb2 Rg7 27. Rh8+ Rg8 28.
R8h7 Rg7 29. Rh8+ Rg8 1/2-1/2

[Event "Tournoi norme de MI"]
[Site "PARIS"]
[Date "????.??.??"]
[Round "8.3"]
[White "Bonte, Andrei-Mihai"]
[Black "Vlachos, Anatole"]
[Result "0-1"]
[TimeControl "90mn+30s/c"]
[WhiteElo "2340"]
[BlackElo "2430"]

1. d4 d5 2. Nf3 e6 3. c4 Nf6 4. Nc3 c6 5. e3 Nbd7 6. Qc2 Bd6 7. b3 O-O 8. Be2 Re8 9. O-O dxc4 10.
bxc4 e5 11. a4 Qe7 12. a5 e4 13. Nd2 Nf8 14.
Qb3 Qc7 15. h3 Qd7 16. f3 exf3 17. Nxf3 c5 18. Bd3 Ng6 19. Qc2 Qe7 20. Ng5 Bb8 21. Qf2 Be6 22. Nxe6 Qxe6 23. Rb1 Re7 24.
g4 cxd4 25. exd4 Nxg4 26. hxg4 Qxg4+ 27. Kh1 Qh3+ 28. Kg1 Nh4 29. Be4 Bg3 30. Qc2 Rae8 31. Bxh7+ Kh8 32. Bg5 Nf3+ 33. Rxf3 Re1+ 0-1

[Event "Tournoi norme de MI"]
[Site "PARIS"]
[Date "????.??.??"]
[Round "8.1"]
[White "Bassini, Emile"]
[Black "Roshka, Yevgeniy"]
[Result "1/2-1/2"]
[TimeControl "90mn+30s/c"]
[WhiteElo "2382"]
[BlackElo "2501"]

1. e4 c5 2. Nf3 d6 3. d4 cxd4 4. Nxd4 Nf6 5. Nc3 Nc6 6. Bg5 e6 7. Qd2 a6 8. O-O-O Bd7 9. Kb1 Be7 10.
Nxc6 Bxc6 11. f3 h6 12. Be3 d5 13. e5 Nd7 14. f4 Qa5 15. h4 h5 16. Bd4 g6 17. Bd3 O-O-O 18. g3 Kb8 19.
Rhf1 Rc8 20. Qe3 Ka8 21. f5 gxf5 22. Bxf5 exf5 23. e6 Nf6 24. exf7 Qd8 25. Rxf5 Rf8 26. Rdf1 Rxf7 27. Qe6 Rf8 28.
Bxf6 Bd7 29. Qe5 Bxf5 30. Bxe7 Re8 31. Nxd5 Bxc2+ 32. Ka1 Qa5 33. b4 Rxe7 34. bxa5 Rxe5 35. Nb6+ Ka7 36. Nxc8+ Kb8 37.
Rf8 Kc7 38. Nb6 Bf5 39. Nc4 Re1+ 40. Kb2 Be6 41. Rf4 Kc6 42. Kc3 Kc5 43. Nb2 Re3+ 44. Nd3+ Kd5 45. Kd2 Rxg3 46. Rb4 Kc6 47.
Rb6+ Kd5 48. Nf4+ Ke5 49. Nxe6 Rg2+ 50. Ke3 Rxa2 51. Nf4 Ra3+ 52. Nd3+ Kf5 53. Rxb7 Kg4 54. Rb4+ Kg3 55. Rb6 Ra2 1/2-1/2

[Event "Tournoi norme de MI"]
[Site "PARIS"]
[Date "????.??.??"]
[Round "8.4"]
[White "Lazo, Andrei"]
[Black "Duboue, Peio"]
[Result "0-1"]
[TimeControl "90mn+30s/c"]
[WhiteElo "2212"]
[BlackElo "2462"]

1. d4 d5 2. c4 dxc4 3. Nf3 Nf6 4. e3 e6 5. Bxc4 c5 6. O-O Nc6 7. dxc5 Qxd1 8. Rxd1 Bxc5 9. a3 O-O 10.
b4 Be7 11. Bb2 Bd7 12. Nbd2 Rfd8 13. Rac1 Be8 14. Be2 Rac8 15. Nb3 Rxd1+ 16. Bxd1 Ra8 17. Be2 Nd5 18. Kf1 Kf8 19. g3 Nb6 20.
Nc5 Bxc5 21. bxc5 Na4 22. Ba1 Na5 23. Bd1 Rc8 24. Bd4 Bb5+ 25. Ke1 f6 26. e4 e5 27. Bxa4 Bxa4 28. Be3 Rd8 29.
Bd2 Nb3 30. Rc3 Ke8 31. Be3 Na1 32. Nd2 Nc2+ 33. Ke2 Bb5+ 34. Kd1 Nxe3+ 35. fxe3 Kd7 36. Kc1 Kc7 37. Kc2 Ba4+ 38. Kc1 Bb5 39.
Kc2 Kc6 40. Nc4 Ba4+ 41. Kb2 Rd1 42. Na5+ Kc7 43. Rc4 Bc6 44. Nxc6 Kxc6 45. Ra4 Rd2+ 46. Kc3 Rxh2 47. Rxa7 Rg2 48.
Ra8 Kxc5 49. Rc8+ Kb6 50. Kd4 0-1



[ePGN "0.1;DGT LiveChess/2.2.5"]

[Event "Tournoi norme de MI"]
[Site "PARIS"]
[Date "????.??.??"]
[Round "9.4"]
[White "Vlachos, Anatole"]
[Black "Lazo, Andrei"]
[Result "1-0"]
[TimeControl "90mn+30s/c"]
[WhiteElo "2430"]
[BlackElo "2212"]

1. Nf3 Nf6 2. g3 b5 3. a4 b4 4. Bg2 Bb7 5. O-O e6 6. d3 Be7 7. e4 d5 8.
e5 Nfd7 9. h4 h6 10. h5 c5 11. Re1 Nc6 12. c4 d4 13. Bf4 Qc7 14. Nbd2 O-O-O 15. Ne4 Nf8 16.
Nd6+ Bxd6 17. exd6 Qd7 18. a5 a6 19. Ne5 Nxe5 20. Rxe5 Qxd6 21. Rg5 Qe7 22. Bxb7+ Kxb7 23. Qf3+ Ka7 24. Rxg7 Nd7 25. Rxf7 Qxf7 26. Bb8+ Kxb8 27. Qxf7 e5 28. Re1 Rhf8 29. Qe7 Kc8 30. Rxe5 Nxe5 31. Qxc5+ Kb7 32. Qxe5 Rd7 33. Qe6 Rdf7 34. Qb6+ Kc8 35. Qxa6+ Kd7 36. Qa7+ Kc6 37. Qb6+ 1-0

[Event "Tournoi norme de MI"]
[Site "PARIS"]
[Date "????.??.??"]
[Round "9.1"]
[White "Duboue, Peio"]
[Black "Navrotescu, Andreea"]
[Result "1-0"]
[TimeControl "90mn+30s/c"]
[WhiteElo "2462"]
[BlackElo "2228"]

1. e4 c5 2. c3 Nf6 3. e5 Nd5 4. Bc4 Nb6 5. Bb3 c4 6. Bc2 d6 7. exd6 Qxd6 8. d4 cxd3 9. Qxd3 Qxd3 10.
Bxd3 Nc6 11. Na3 Bg4 12. Be3 Nd5 13. Be2 Nxe3 14. fxe3 Bd7 15. Nf3 e5 16. Nc4 f6 17. O-O-O Be6 18.
a4 Bc5 19. Nfd2 a5 20. Rhe1 Ke7 21. Ne4 Ba7 22. Ned6 Rab8 23. Rd2 Rhd8 24. Red1 Rd7 25. e4 Rbd8 26. Nf5+ Bxf5 27. exf5 Rxd2 28.
Rxd2 Rc8 29. Kb1 Bg1 30. h3 b6 31. Nd6 Rd8 32. Ne4 g6 33. g4 gxf5 34. gxf5 Rxd2 35. Nxd2 Kf7 36. Kc2 Ne7 37.
Bc4+ Kg7 38. Be6 Nc6 39. Ne4 Nd8 40. Bd5 Nf7 41. Bxf7 Kxf7 42. Kd3 Ke7 43. Kc4 Be3 44. b4 axb4 45.
cxb4 Bg1 46. Kd5 Kf7 47. a5 bxa5 48. bxa5 Ba7 49. Nd6+ Kg7 50. Ke6 Bd4 51. Ne4 Kh6 52. Kxf6 1-0

[Event "Tournoi norme de MI"]
[Site "PARIS"]
[Date "????.??.??"]
[Round "9.5"]
[White "Roshka, Yevgeniy"]
[Black "Willems, Niels"]
[Result "1/2-1/2"]
[TimeControl "90mn+30s/c"]
[WhiteElo "2501"]
[BlackElo "2337"]

1. d4 Nf6 2. c4 e6 3. g3 d5 4. Nf3 dxc4 5. Bg2 c5 6. O-O Nc6 7. Qa4 Bd7 8. Qxc4 b5 9. Qd3 c4 10.
Qc2 Rc8 11. Nc3 Be7 12. Rd1 Qb6 13. Bf4 Nb4 14. Qd2 Bc6 15. Be5 Nbd5 16. Ng5 1/2-1/2

[Event "Tournoi norme de MI"]
[Site "PARIS"]
[Date "????.??.??"]
[Round "9.3"]
[White "Laurent, Julien G."]
[Black "Bassini, Emile"]
[Result "0-1"]
[TimeControl "90mn+30s/c"]
[WhiteElo "2199"]
[BlackElo "2382"]

1. d4 Nf6 2. c4 g6 3. Nc3 Bg7 4. e4 d6 5. Nf3 O-O 6. Be2 e5 7. O-O Nc6 8. d5 Ne7 9. Ne1 Nd7 10.
Nd3 f5 11. f3 f4 12. Bd2 g5 13. Rc1 Nf6 14. c5 Ng6 15. Nb5 Rf7 16. Nf2 a6 17. Na3 dxc5 18. Rxc5 Bf8 19. Rc2 b5 20.
g4 h5 21. h3 Rh7 22. Qe1 hxg4 23. fxg4 Bd6 24. Bb4 f3 25. Bxf3 Nf4 26. Bg2 Qf8 27. Bxd6 cxd6 28. Qe3 Qh6 29.
Qg3 Bd7 30. Rd2 Rc8 31. Re1 Be8 32. Nc2 Rhc7 33. Ne3 Bg6 34. Bf3 Rc1 35. Rxc1 Rxc1+ 36. Kh2 Qh7 37. Nf5 Qa7 38. Bd1 Bxf5 39.
gxf5 Kf7 40. b4 Rc4 41. a3 Rxe4 42. Nxe4 Nxe4 43. Qe1 Nxd2 44. Qxd2 Kf6 0-1

[Event "Tournoi norme de MI"]
[Site "PARIS"]
[Date "????.??.??"]
[Round "9.2"]
[White "Mouhamad, Joachim"]
[Black "Bonte, Andrei-Mihai"]
[Result "1/2-1/2"]
[TimeControl "90mn+30s/c"]
[WhiteElo "2301"]
[BlackElo "2340"]

1. e4 c6 2. d4 d5 3. Nd2 g6 4. Ngf3 Bg7 5. c3 Nh6 6. Bd3 O-O 7. O-O dxe4 8. Nxe4 Bg4 9. h3 Bxf3 10.
Qxf3 Nd7 11. Bg5 f6 12. Bxh6 Bxh6 13. Rad1 f5 14. Bc4+ Kh8 15. Nc5 Nxc5 16. dxc5 Qc7 17. Qe2 e5 18.
Rd6 e4 19. Rfd1 Rad8 20. Bb3 Bf4 21. Rxd8 Rxd8 22. Rd4 Qc8 23. Rd7 Qc7 24.
Rxd8+ Qxd8 25. Qc4 Kg7 26. Qd4+ Qf6 27.
Qd7+ Kh6 28. Bg8 Qg7 29. Qxg7+ Kxg7 30. Be6 Bc1 31. Bc8 Bxb2 32. Bxb7 Bxc3 33. Bxc6 Bd4 34. Kf1 Kf6 35. Ke2 Ke5 36.
Be8 Bxc5 37. Bf7 g5 38. Be8 h6 39. Bf7 Kf4 40. Be8 Bb6 41. Bf7 g4 42. hxg4 Kxg4 43. Be6 Kg5 44. Bd7 h5 45.
Bc8 h4 46. Bd7 Kf4 47. Bc8 Ke5 48. Bd7 f4 49. f3 e3 50. Bc8 Kf6 51. Bd7 Kg5 52. Bh3 Bc5 53. Kd3 Ba3 54. Ke2 Bb2 55.
Kd3 Bg7 56. Ke4 1/2-1/2